AoeStats
← RATMAN

Arena

504389540Analyzed
2v2 RM · 27d ago on Sep 5, 2026· 54m 3s· 4 players
Game mode
Random Map
Map size
Medium (4 player)
Population
200
Speed
Normal
Resources
Standard
Victory
Conquest
Starting age
Dark Age
Ending age
Imperial Age
RankedLock teamsTeams togetherTeam positionsShared explorationLock speedFull tech treeHidden civsTurbo modeCheats
Victory
Defeat
🇨🇦 Bohemians · Canada
758
+11
🇨🇦 Britons · Canada
669
+14
🇺🇸 Portuguese · United States
626
-12
🇺🇸 Shu · United States
623
-12
FAFO
9:16 Feudal Age
10:07 Double-Bit Axe
10:05 Horse Collar
11:05 Wheelbarrow
17:52 Castle Age
20:00 Hand Cart
24:30 Bow Saw
31:32 Crossbowman
32:15 Squires
31:35 Pikeman
32:17 Padded Archer Armor
32:08 Fletching
32:29 Forging
32:19 Scale Mail Armor
32:51 Gold Mining
32:54 Stone Mining
33:19 Arson
33:30 Loom
36:20 Imperial Age
35:59 Bodkin Arrow
36:19 Leather Archer Armor
36:48 Iron Casting
36:38 Yeomen
36:41 Halberdier
37:42 Arbalester
39:08 Gold Shaft Mining
39:02 Conscription
39:45 Ballistics
41:20 Chemistry
43:35 Ring Archer Armor
43:06 Bracer
45:38 Two-Man Saw
46:59 Elite Longbowman
49:53 Town Watch
Cassius Thundercock
6:35 Loom
9:50 Feudal Age
11:08 Wheelbarrow
10:20 Double-Bit Axe
10:17 Horse Collar
20:06 Castle Age
21:09 Hand Cart
21:07 Bow Saw
21:17 Heavy Plow
20:48 Pikeman
23:08 Fletching
23:58 Squires
26:10 Chemistry
26:23 Forging
28:22 Caravan
29:01 Bodkin Arrow
32:31 Iron Casting
39:20 Imperial Age
39:40 Elite Hussite Wagon
43:08 Bracer
43:41 Halberdier
47:25 Conscription
52:38 Blast Furnace
51:40 Scale Mail Armor
53:45 Padded Archer Armor
neonraven
13:52 Feudal Age
12:08 Loom
19:20 Castle Age
18:13 Double-Bit Axe
18:28 Horse Collar
19:10 Gold Mining
20:18 Wheelbarrow
25:27 Bow Saw
29:14 Heavy Plow
29:07 Stone Mining
30:23 Hand Cart
29:54 Town Watch
30:56 Caravan
32:31 Scale Barding Armor
32:48 Bloodlines
36:05 Imperial Age
34:48 Ballistics
37:50 Chemistry
46:24 Cavalier
RATMAN
12:44 Feudal Age
17:59 Castle Age
17:26 Double-Bit Axe
18:47 Wheelbarrow
19:18 Crossbowman
22:29 Thumb Ring
25:15 Horse Collar
25:47 Padded Archer Armor
25:38 Fletching
28:09 Stone Mining
34:18 Imperial Age
34:58 Hand Cart
34:40 Arbalester
36:32 Town Watch
37:39 Elite White Feather Guard
38:54 Leather Archer Armor
Connection lost

Rejoining the realm…

Still unreachable

The connection could not be restored.

Session expired

The server has moved on; the page needs a fresh start.